 Dungeon Crawl Stone Soup version 0.16.0-14-g63f578d (console) character file.

34 gw the Covered (level 3, -2/28 HPs)
             Began as a Demigod Wanderer on Mar 18, 2015.
             Slain by a hobgoblin
             ... wielding a +0 club
              (3 damage)
             ... on level 2 of the Dungeon.
             The game lasted 00:00:56 (1171 turns).

gw the Covered (Demigod Wanderer)                   Turns: 1171, Time: 00:00:56

Health: -2/28      AC:  6    Str: 14    XL:     3   Next: 1%
Magic:  6/6        EV: 10    Int: 16    God:
Gold:   46         SH:  0    Dex: 18    Spells: 0 memorised, 4 levels left

rFire  . . .     SeeInvis +     d - +0 dagger
rCold  + . .     Clarity  .     g - +0 ring mail
rNeg   . . .     SustAb   +     (no shield)
rPois  .         Gourm    .     o - +0 hat
rElec  .         Spirit   .     (no cloak)
rCorr  .         Warding  .     (no gloves)
rMut   .         Stasis   .     e - +0 pair of boots
MR     .....                    (no amulet)
Stlth  +.........               n - ring of protection from cold
                                i - ring of see invisible

@: not resistant to hostile enchantments, very unstealthy
A: sustain abilities
a: no special abilities


You were on level 2 of the Dungeon.
You were hungry.

You visited 1 branch of the dungeon, and saw 2 of its levels.

You collected 46 gold pieces.

Inventory:

Hand weapons
 b - a +0 hunting sling
 d - a +0 dagger (weapon)
Missiles
 h - 13 stones (quivered)
 l - 26 sling bullets
Armour
 e - a +0 pair of boots (worn)
 g - a +0 ring mail (worn)
 o - a +0 hat (worn)
Jewellery
 i - a ring of see invisible (left hand)
 n - a ring of protection from cold (right hand)
Potions
 j - a potion of heal wounds {unknown}
Books
 a - a book of Flames

   Spells                             Type                      Level
   a - Flame Tongue                   Conjuration/Fire             1
   b - Throw Flame                    Conjuration/Fire             2
   c - Conjure Flame                  Conjuration/Fire             3
   d - Inner Flame                    Hexes/Fire                   3
   e - Sticky Flame                   Conjuration/Fire             4
   f - Fireball                       Conjuration/Fire             5
Comestibles
 f - a bread ration
 m - a slice of pizza


   Skills:
 + Level 1.2 Fighting
 * Level 1.2 Short Blades
 + Level 1.0(1.2) Slings
 - Level 1.0(1.2) Throwing
 + Level 2.9 Armour
 - Level 1.0 Spellcasting
   Level 1.7 Transmutations
   Level 1.7 Fire Magic
   Level 1.0 Evocations


You had 4 spell levels left.
You didn't know any spells.

Dungeon Overview and Level Annotations

Branches:
Dungeon (2/15)


Innate Abilities, Weirdness & Mutations

Your attributes are resistant to harm.


Message History

ATTACKING (-1,1)
You barely miss the bat. The bat hits you but does no damage.
Unknown command.
Unknown command.
Unknown command.
Unknown command.
ATTACKING (0,1)
You hit the hobgoblin but do no damage.
The hobgoblin is moderately wounded.
The bat closely misses you.
The hobgoblin hits you but does no damage.
Unknown command.
Unknown command.
Unknown command.
Unknown command.
ATTACKING (0,1)
You hit the hobgoblin.
The hobgoblin is severely wounded.
The bat hits you but does no damage. The hobgoblin hits you with a club.
You die...

##### ....# #########
....# #.....bp# ....#
#......g#
....######.......#
..............((.########
....#####....?...........
....# #..............%.
#.#.#####........########
.............##...#
..#.#####..#. #...#


You could see a hobgoblin and a bat.

Table legend:
 A = Turns spent in this place as a percentage of turns spent in the entire game.
 B = Non-inter-level travel turns spent in this place as a percentage of non-inter-level travel turns spent in the entire game.
 C = Inter-level travel turns spent in this place as a percentage of turns spent in this place.
 D = Turns resting spent in this place as a percentage of non-inter-level travel turns spent in this place.
 E = Turns spent auto-exploring this place as a percentage of non-inter-level travel turns spent in this place.
 F = Non-inter-level travel turns spent in this place divided by the number of levels of this place that you've seen.
                   A       B       C       D       E      F
               +-------+-------+-------+-------+-------+----------------------
         Total | 100.0 | 100.0 |   0.2 |   0.8 |   2.1 | 957.0
       Dungeon | 100.0 | 100.0 |   0.2 |   0.8 |   2.1 | 957.0
               +-------+-------+-------+-------+-------+----------------------

Table legend:
 A = Kills in this place as a percentage of kills in entire the game.
 B = Kills by you in this place as a percentage of kills by you in the entire game.
 C = Kills by friends in this place as a percentage of kills by friends in the entire game.
 D = Other kills in this place as a percentage of other kills in the entire game.
 E = Experience gained in this place as a percentage of experience gained in the entire game.
 F = Experience gained in this place divided by the number of levels of this place that you have seen.
                   A       B       C       D       E      F
               +-------+-------+-------+-------+-------+----------------------
         Total | 100.0 | 100.0 |  -nan |  -nan | 100.0 |  24.5
       Dungeon | 100.0 | 100.0 |  -nan |  -nan | 100.0 |  24.5
               +-------+-------+-------+-------+-------+----------------------

Vanquished Creatures
  A worm (D:2)
  A giant gecko (D:1)
  A ball python (D:2)
  A giant cockroach (D:1)
  4 hobgoblins (D:1)
  2 giant newts
  5 goblins
  8 kobolds
  3 rats
26 creatures vanquished.

Notes
Turn   | Place    | Note
--------------------------------------------------------------
     0 | D:1      | gw, the Demigod Wanderer, began the quest for the Orb.
     0 | D:1      | gw set off with: a book of Flames, a +0 ring mail, a scroll of teleportation, a +0 dagger, a bread ration
     0 | D:1      | Reached XP level 1. HP: 14/14 MP: 3/3
   249 | D:1      | Reached skill level 1 in Short Blades
   400 | D:1      | Reached XP level 2. HP: 22/22 MP: 4/4
  1088 | D:2      | Reached skill level 1 in Fighting
  1151 | D:2      | Reached skill level 1 in Slings
  1151 | D:2      | Reached XP level 3. HP: 3/28 MP: 6/6
  1165 | D:2      | HP: 1/28 [hobgoblin/club (2)]
  1171 | D:2      | Slain by a hobgoblin

Action                   || total
-------------------------++-------
Melee: Dagger            ||    52
 Fire: Hunting sling     ||    34
  Use: Scroll            ||     2
       Potion            ||     1

Vault maps used:
D:1:      shiori_arrival_oz, minmay_strange_pillars, minmay_misc_feat_chi
D:2:      first_bread, kennysheep_generic_room_9
